 Dungeon Crawl Stone Soup version 0.23.1 (webtiles) character file.

Game seed: 6852320954401820807

128 Borgoz the Skirmisher (level 5, -3/46 HPs)
             Began as a Ghoul Monk on Mar 17, 2019.
             Slain by a gnoll
             ... wielding a +0 scythe
              (16 damage)
             ... on level 4 of the Dungeon.
             The game lasted 00:03:42 (2349 turns).

Borgoz the Skirmisher (Ghoul Monk)                  Turns: 2349, Time: 00:03:43

Health: -3/46      AC:  9    Str: 15    XL:     5   Next: 11%
Magic:  4/4        EV:  7    Int:  6    God:
Gold:   129        SH:  0    Dex: 11    Spells: 4/4 levels left

rFire    + . .     SeeInvis .   a - +0 short sword
rCold    + + .     Gourm    .   (no shield)
rNeg     + + +     Faith    .   o - +0 chain mail (curse)
rPois    ∞         Spirit   .   k - +0 helmet
rElec    +         Reflect  .   (no cloak)
rCorr    +         Harm     .   (no gloves)
MR       .....                  (no boots)
Stlth    ..........             (no amulet)
HPRegen  0.00/turn              b - ring of attention (curse)
MPRegen  0.09/turn              (no ring)

@: resistant, rotting
A: rotting body, claws 1, carnivore, cold resistance 1, negative energy
resistance 3, inhibited regeneration, torment resistance, unbreathing
a: no special abilities


You were on level 4 of the Dungeon.
You were not hungry.

You visited 1 branch of the dungeon, and saw 5 of its levels.

You collected 129 gold pieces.

Inventory:

Hand Weapons
 a - a +0 short sword (weapon)
Missiles
 n - 2 poisoned tomahawks (quivered)
Armour
 k - a +0 helmet (worn)
 o - a cursed +0 chain mail (worn)
Jewellery
 b - a cursed ring of attention (left claw)
Wands
 g - a wand of disintegration (18)
Scrolls
 h - 7 scrolls of blinking {unknown}
 i - 2 scrolls of teleportation {unknown}
 j - a scroll of amnesia {unknown}
 r - a scroll of enchant weapon {unknown}
 t - a scroll of fog {unknown}
Potions
 e - a potion of curing
 f - a potion of cancellation {unknown}
 l - 2 potions of lignification {unknown}
 m - a potion of haste {unknown}
 p - a potion of ambrosia {unknown}
 q - a potion of degeneration {unknown}
Comestibles
 c - 5 rations
 s - a chunk of flesh


   Skills:
 + Level 3.7 Fighting
 * Level 3.4 Short Blades
 * Level 1.8 Armour
 * Level 3.5 Dodging
 + Level 2.8 Stealth


You had 4 spell levels left.
You didn't know any spells.
Your spell library was empty.

Dungeon Overview and Level Annotations

Branches:
Dungeon (5/15)
 Temple: D:4-7

Altars:

Annotations:
D:3 3 runed translucent doors


Innate Abilities, Weirdness & Mutations

Your body is rotting away.
You thrive on raw meat.
You are immune to poison.
You have sharp fingernails.
You are carnivorous and can eat meat at any time.
Your flesh is cold resistant. (rC+)
You are immune to negative energy. (rN+++)
You do not regenerate when monsters are visible.
You are immune to unholy pain and torment.
You can survive without breathing.


Message History

You open the door.
A gnoll comes into view. It is wielding a +0 scythe.
A gnoll is nearby!
A gnoll comes into view. It is wielding a +0 scythe.
The gnoll shouts!
The gnoll hits you but does no damage. x2
There is an open door here.
Your chain mail prevents you from hitting the gnoll.
The gnoll hits you with a +0 scythe. The gnoll hits you with a +0 scythe!
You hit the gnoll.
The gnoll is moderately wounded.
You closely miss the gnoll.
The gnoll is moderately wounded.
The gnoll hits you with a +0 scythe! x2
* * * LOW HITPOINT WARNING * * *
It was a potion of resistance.
You feel protected. The gnoll barely misses you.
You feel better. The gnoll hits you with a +0 scythe!
You die...

.......>##.#.#.########
######.###.#.#........#
.......###...########.#
########.......# #.# #
#....##.# #.# #
#....####### #.#. #
#....###...###.#.### #
##.....#gg.#.#.#.#.. #
#..#####@##...#.#.#
#....)....#.###.#.#
#...###...#.#.#.#.#
#...#<.#.##...#.#.#
#...##.#.####.#..<#
#...##.#.# #.#.###.#
#...##.#.# #.......#
#...##.#.######.####...#
#...##.#........# .


You could see 2 gnolls.

Vanquished Creatures
  A hound (D:4)
  Jessica (D:2)
  An adder (D:2)
  An ooze (D:1)
  2 worms
  2 leopard geckos (D:2)
  5 orcs
  A giant cockroach (D:3)
  6 hobgoblins
  4 jackals
  7 bats
  2 frilled lizards
  4 goblins (D:1)
  6 kobolds
  6 rats
49 creatures vanquished.

Notes
Turn   | Place    | Note
-------+----------+-------------------------------------------
     0 | D:1      | Borgoz the Ghoul Monk began the quest for the Orb.
     0 | D:1      | Reached XP level 1. HP: 19/19 MP: 0/0
   166 | D:1      | Reached XP level 2. HP: 16/26 MP: 1/1
  1051 | D:2      | Reached XP level 3. HP: 28/31 MP: 2/2
  1150 | D:2      | Reached skill level 1 in Armour
  1257 | D:2      | Noticed Jessica
  1271 | D:2      | Killed Jessica
  1271 | D:2      | Reached XP level 4. HP: 23/38 MP: 3/3
  1993 | D:3      | Found a runed translucent gate.
  1993 | D:3      | Found a runed translucent gate.
  1993 | D:3      | Found a runed translucent gate.
  2150 | D:4      | Reached XP level 5. HP: 33/46 MP: 4/4
  2218 | D:5      | Entered Level 5 of the Dungeon
  2349 | D:4      | Slain by a gnoll

Skill      XL: |  1  2  3 |
---------------+----------+-----
Dodging        | 3 |  3.5
Short Blades   | 3 |  3.4
Armour         | 1 |  1.8
Fighting       | |  3.7
Stealth        | |  2.8

Action                   |  1- 3 |  4- 6 || total
-------------------------+-------+-------++-------
Melee: Short sword       |   124 |   137 ||   261
  Use: Potion            |     1 |     2 ||     3
 Stab: Sleeping          |     1 |       ||     1
  Eat: Chunk             |     6 |     5 ||    11
Armor: Robe              |     2 |       ||     2
       Ring mail         |    29 |       ||    29
       Chain mail        |    16 |   124 ||   140
Dodge: Dodged            |    65 |    59 ||   124
